Map: Cyber Forest LE

Players

uThermal

  • Race: Terran Terran
  • Spawn Location: 5:00

Lambo - Winner!

  • Race: Zerg Zerg
  • Spawn Location: 11:00

Event: 2019 WCS Spring

VOD

Have the link to the VOD?

Description

Time

  • Played on: May 18, 2019, 10:28 a.m.
  • Length: 13:45

All games in this series

Show
View Real Time Build Order
Export as new Build Order

uThermal Terran 

Build Orders: Reaper Expand 

Get SALT Encoding   

  12  0:01  SCV  
  13  0:13  SCV  
  14  0:17  Supply Depot  
  14  0:25  SCV  
  15  0:38  SCV  
  15  0:39  Barracks  
  16  0:44  Refinery  
  16  0:50  SCV  
  17  1:02  SCV  
  18  1:14  SCV  
  19  1:27  Orbital Command, Reaper  
  20  1:39  Command Center  
  20  1:52  Barracks  
  20  1:55  SCV  
  20  2:00  Barracks Reactor  
  21  2:07  SCV  
  22  2:10  Supply Depot  
  22  2:19  SCV  
  22  2:31  SCV  
  22  2:32  Refinery  
  22  2:34  Factory  
  23  2:38  Marine x2  
  23  2:40  Barracks Tech Lab  
  23  2:43  SCV  
  26  2:51  Orbital Command  
  26  2:55  SCV  
  26  2:57  Marine  
  26  2:58  Marine  
  29  2:59  Marine  
  29  3:05  Stimpack  
  30  3:08  SCV  
  31  3:15  Marine x2  
  31  3:17  Marine, SCV  
  35  3:20  SCV  
  35  3:26  Starport  
  36  3:30  SCV  
  36  3:32  SCV  
  36  3:34  Factory Reactor  
  38  3:35  Marine  
  38  3:36  Marine  
  40  3:42  SCV, Supply Depot  
  40  3:44  Marine  
  42  3:49  SCV  
  42  3:52  Marine  
  42  3:54  Marine, SCV  
  46  3:57  Supply Depot  
  46  4:04  SCV  
  46  4:05  Marine  
  46  4:08  Supply Depot  
  48  4:12  Marine  
  48  4:13  Marine  
  48  4:15  Medivac  
  48  4:16  Medivac  
  54  4:19  SCV x2  
  54  4:21  Engineering Bay  
  56  4:26  Marine, Hellion  
  60  4:31  SCV  
  60  4:33  Supply Depot  
  60  4:35  Marine  
  60  4:36  Marine  
  62  4:41  SCV  
  62  4:43  SCV  
  62  4:44  Marine  
  65  4:54  Hellion x2  
  65  4:57  Medivac  
  65  4:59  Armory  
  71  5:00  SCV, Supply Depot  
  71  5:04  SCV  
  71  5:06  Marine  
  71  5:07  Marine  
  74  5:12  SCV  
  76  5:15  Hellion  
  76  5:18  Marine  
  78  5:21  SCV  
  78  5:22  Hellion  
  78  5:23  Marine  
  78  5:24  Marine, SCV  
  84  5:30  Medivac  
  84  5:33  Combat Shield  
  86  5:44  Command Center  
  86  5:49  Supply Depot  
  86  5:57  Marine x2, SCV x2  
  86  6:11  Marine, SCV x2, Medivac  
  91  6:15  Marine x2  
  79  6:23  SCV  
  71  6:28  Marine, SCV, Barracks  
  71  6:29  Refinery  
  71  6:30  Refinery  
  71  6:31  Engineering Bay  
  73  6:33  Marine x2, Terran Infantry Weapons Level 1  
  73  6:35  SCV  
  73  6:38  Factory Tech Lab  
  76  6:41  Starport Reactor  
  76  6:42  SCV  
  76  6:46  Marine  
  78  6:48  Barracks  
  78  6:49  Barracks  
  78  6:51  Marine x2  
  78  6:52  SCV  
  81  6:56  Siege Tank  
  81  6:59  Terran Infantry Armor Level 1, SCV  
  85  7:04  Marine, SCV  
  87  7:08  Marine  
  87  7:10  Marine  
  87  7:11  SCV  
  87  7:14  Orbital Command  
  90  7:18  Supply Depot  
  90  7:19  Marine x2  
  90  7:20  SCV  
  90  7:22  Marine  
  94  7:23  Supply Depot  
  94  7:26  Marine  
  94  7:28  Marine  
  94  7:29  Siege Tank  
  99  7:32  Supply Depot  
  99  7:33  SCV  
  99  7:35  SCV  
  99  7:37  Marine x2, Barracks Reactor x2  
  101  7:40  SCV  
  101  7:41  Marine  
  105  7:44  Marine  
  105  7:45  Marine  
  105  7:46  SCV  
  105  7:47  SCV  
  105  7:51  Supply Depot  
  109  7:52  SCV  
  109  7:54  Marine x2, Medivac x2  
  115  7:59  Marine  
  115  8:01  Siege Tank  
  115  8:02  Marine  
  115  8:03  Marine  
  121  8:12  Marine x2, Barracks x3  
  121  8:13  Marine  
  121  8:15  Marine  
  121  8:16  Marine x2  
  121  8:17  Marine  
  128  8:20  Missile Turret  
  128  8:21  Missile Turret  
  128  8:22  Missile Turret  
  128  8:24  Marine  
  128  8:25  Marine, Supply Depot  
  130  8:30  Marine x2  
  130  8:31  Terran Infantry Weapons Level 2  
  132  8:34  Terran Vehicle Weapons Level 1  
  132  8:35  Marine  
  132  8:36  Marine  
  132  8:38  Marine  
  132  8:40  Marine x2  
  137  8:45  Medivac x2  
  137  8:46  Marine  
  137  8:53  Marine  
  137  8:55  Terran Infantry Armor Level 2, Supply Depot  
  137  8:59  Marine x3  
  143  9:02  Siege Tank  
  143  9:03  Marine x2  
  145  9:10  Marine  
  145  9:11  Marine  
  145  9:15  Medivac  
  149  9:19  Marine  
  149  9:21  Supply Depot  
  149  9:22  Marine, Supply Depot x2  
  149  9:23  Marine  
  152  9:26  Marine  
  152  9:27  Marine  
  152  9:28  Marine  
  155  9:32  Supply Depot  
  155  9:33  Supply Depot  
  155  9:35  Marine  
  156  9:41  Marine  
  156  9:43  Siege Tank  
  160  9:48  Marine  
  157  9:54  Marine  
  157  9:56  Medivac  
  157  9:57  Marine x3  
  157  9:58  Marine  
  157  9:59  Marine  
  147  10:00  Marine x3  
  147  10:01  Marine x2  
  147  10:02  Medivac  
  147  10:06  Marine  
  156  10:12  Marine  
  157  10:14  Marine  
  157  10:15  Marine x3, Siege Tank  
  157  10:17  Marine x2  
  165  10:22  Marine x2  
  165  10:25  Marine  
  165  10:26  Marine, Medivac  
  165  10:27  Sensor Tower, Marine  
  172  10:30  Marine  
  172  10:32  Marine  
  174  10:37  Marine  
  174  10:38  Marine  
  176  10:48  Marine, Siege Tank  
  176  10:49  Marine x5  
  178  10:52  Marine x2  
  178  10:53  Terran Infantry Weapons Level 3  
  178  10:54  Marine  
  178  10:55  Marine  
  184  10:59  Command Center  
  182  11:07  Supply Depot  
  182  11:09  Marine  
  183  11:11  Marine x2  
  183  11:12  Marine  
  183  11:13  Marine  
  183  11:16  Marine  
  188  11:26  Marine  
  188  11:30  Marine, Siege Tank  
  193  11:36  Marine  
  187  11:41  Marine  
  187  11:44  Command Center  
  188  11:48  Marine  
  188  11:50  Marine  
  188  11:53  Marine  
  191  11:59  Marine  
  192  12:02  Marine, Siege Tank  
  192  12:07  Medivac  
  181  12:11  Marine  
  181  12:12  Marine  
  181  12:14  Liberator  
  119  12:16  Marine x2  
  119  12:17  Marine x2  
  119  12:20  Liberator  
  121  12:25  Barracks Tech Lab x3  
  121  12:32  Marine x2  
  121  12:33  Command Center  
  121  12:35  Siege Tank  
  129  12:40  Marine  
  129  12:41  Marauder  
  131  12:54  Marauder x2  
  131  12:55  Marine x3, Marauder  
  134  12:58  Marine  
  134  13:02  Marauder  
  134  13:04  Planetary Fortress  
  136  13:06  Marine  
  136  13:10  Marine  
  136  13:12  Marine  
  138  13:16  Marine, Marauder  
  138  13:17  Marauder  
  142  13:23  Marine  
  142  13:24  Marine  
Show
View Real Time Build Order
Export as new Build Order

Lambo Zerg - Winner!

Build Orders: Hatch First 

Get SALT Encoding   

  12  0:00  Drone  
  13  0:13  Overlord  
  13  0:18  Drone  
  14  0:31  Drone x2  
  16  0:48  Hatchery  
  15  0:52  Drone  
  15  0:55  Drone  
  17  0:58  Drone  
  18  1:09  Extractor  
  17  1:13  Spawning Pool  
  17  1:17  Drone  
  17  1:20  Drone  
  18  1:28  Drone  
  19  1:40  Drone  
  20  1:50  Drone  
  21  2:00  Queen x2  
  25  2:01  Zergling x4  
  27  2:17  Hatchery  
  26  2:24  Extractor  
  26  2:27  Overlord, Spore Crawler  
  24  2:35  Drone, Metabolic Boost  
  24  2:36  Drone  
  28  2:47  Drone x3  
  28  2:50  Drone  
  32  2:54  Queen  
  34  2:58  Overlord  
  34  3:01  Drone  
  35  3:05  Drone  
  36  3:16  Queen  
  36  3:17  Drone x3  
  36  3:19  Drone  
  42  3:24  Drone x2  
  44  3:30  Queen  
  44  3:32  Overlord  
  46  3:38  Drone  
  46  3:39  Drone  
  46  3:41  Drone x2  
  50  3:48  Overlord  
  50  3:55  Queen  
  52  3:59  Drone x3  
  55  4:02  Zergling x2  
  55  4:03  Zergling x2  
  55  4:04  Evolution Chamber  
  55  4:07  Drone, Zergling x4  
  55  4:08  Drone  
  59  4:11  Overlord  
  59  4:15  Queen  
  61  4:17  Drone  
  61  4:24  Drone x2  
  64  4:25  Drone  
  64  4:30  Zerg Ground Armor Level 1  
  64  4:31  Baneling Nest  
  64  4:33  Overlord  
  64  4:35  Drone x2  
  64  4:36  Drone  
  67  4:39  Drone  
  67  4:43  Queen  
  67  4:45  Drone x3  
  73  4:47  Overlord  
  73  4:52  Zergling x6  
  76  4:55  Zergling x6  
  76  4:57  Overlord  
  76  4:58  Zergling x2  
  80  5:02  Zergling x4  
  80  5:06  Extractor, Overlord  
  81  5:07  Extractor  
  81  5:08  Zergling x2  
  81  5:14  Overlord  
  81  5:17  Zergling x2  
  81  5:18  Drone x3  
  81  5:22  Drone x4  
  81  5:23  Drone  
  85  5:32  Queen  
  85  5:35  Evolution Chamber, Zergling x6  
  88  5:36  Drone  
  88  5:38  Hatchery  
  88  5:39  Extractor  
  88  5:40  Zergling x6  
  88  5:42  Baneling x3  
  91  5:43  Zergling x2  
  91  5:44  Baneling x2  
  91  5:45  Baneling  
  91  5:47  Zergling x4  
  91  5:49  Zergling x4  
  96  5:53  Overlord  
  96  5:55  Zergling x2  
  96  5:56  Zergling x4  
  94  5:59  Zergling x2  
  94  6:04  Zergling x6  
  91  6:07  Baneling x5  
  91  6:08  Zergling x6  
  91  6:09  Zergling x4  
  95  6:11  Zergling x2  
  95  6:15  Zergling x2  
  95  6:18  Zergling x8  
  90  6:24  Zergling x4  
  89  6:26  Zerg Melee Weapons Level 1  
  89  6:27  Queen x2  
  89  6:32  Zergling x4  
  95  6:33  Lair  
  95  6:35  Zergling x2  
  95  6:38  Zergling x6  
  99  6:43  Drone  
  100  6:50  Drone x4  
  104  6:54  Drone  
  104  6:57  Drone  
  104  6:59  Zergling x6  
  104  7:01  Baneling x6  
  109  7:03  Zergling x4  
  109  7:06  Zergling x2  
  109  7:07  Baneling x2  
  112  7:11  Drone x4  
  112  7:14  Drone  
  112  7:15  Queen  
  119  7:16  Drone  
  119  7:17  Baneling  
  120  7:23  Overlord  
  120  7:25  Overlord  
  120  7:26  Overlord, Pneumatized Carapace  
  120  7:29  Overlord  
  120  7:31  Overlord  
  120  7:33  Overlord  
  120  7:36  Zerg Ground Armor Level 2  
  120  7:37  Centrifical Hooks  
  120  7:40  Overlord  
  120  7:43  Baneling  
  120  7:44  Overlord x2  
  120  7:45  Drone x2  
  120  7:46  Zergling x6  
  120  7:49  Zergling x6  
  128  7:56  Overlord  
  128  7:57  Drone x5, Hatchery  
  128  7:58  Spore Crawler  
  131  8:03  Zergling x8, Infestation Pit  
  134  8:15  Zergling x20  
  134  8:18  Baneling x5  
  143  8:28  Zergling x12  
  143  8:30  Drone x2  
  143  8:31  Baneling x3  
  143  8:32  Baneling x2  
  151  8:35  Zergling x4  
  151  8:37  Baneling x3  
  151  8:38  Zerg Melee Weapons Level 2  
  151  8:40  Zergling x12  
  159  8:48  Zergling x4  
  152  8:53  Hive  
  152  8:56  Zergling x16  
  152  9:00  Zergling x6  
  162  9:06  Zergling x8  
  166  9:10  Queen  
  166  9:11  Drone x2  
  166  9:13  Spore Crawler  
  166  9:14  Zergling x2  
  170  9:18  Zergling x6  
  170  9:24  Drone x2  
  175  9:25  Zergling x18  
  175  9:27  Baneling x6  
  184  9:35  Zergling x10  
  189  9:47  Zergling x10  
  189  9:50  Zergling x2  
  189  9:52  Zergling x4  
  181  9:54  Zergling x2  
  181  9:57  Zergling x24  
  179  10:04  Drone x2  
  181  10:10  Adrenal Glands  
  181  10:11  Zerg Ground Armor Level 3  
  181  10:12  Ultralisk Cavern, Zergling x8  
  181  10:14  Drone  
  185  10:15  Extractor  
  180  10:23  Drone x2  
  180  10:24  Drone  
  180  10:26  Drone x2  
  185  10:31  Zergling x18  
  185  10:35  Drone x2  
  195  10:36  Hatchery  
  193  10:45  Zergling x18  
  192  10:56  Zerg Melee Weapons Level 3  
  192  10:59  Drone  
  193  11:09  Chitinous Plating  
  191  11:13  Extractor  
  189  11:20  Ultralisk, Zergling x2  
  189  11:21  Zergling x6  
  192  11:25  Zergling x2  
  192  11:26  Zergling x14  
  192  11:28  Baneling x5  
  192  11:29  Baneling x5  
  199  11:34  Zergling x2  
  199  11:37  Baneling x7  
  198  11:46  Zergling x2  
  199  11:49  Baneling x7  
  199  11:51  Overlord  
  199  11:54  Baneling x3  
  199  11:58  Overlord  
  199  11:59  Zergling x16  
  198  12:04  Zergling x8  
  198  12:07  Zergling x16  
  176  12:08  Ultralisk  
  176  12:09  Zergling x4  
  176  12:12  Zergling x2  
  176  12:13  Zergling x24  
  176  12:14  Zergling x2  
  150  12:24  Overseer  
  150  12:25  Hatchery  
  150  12:26  Zergling x12  
  150  12:27  Baneling x7  
  150  12:28  Baneling x3, Anabolic Synthesis  
  155  12:32  Extractor, Zergling x6  
  155  12:34  Baneling x2  
  155  12:35  Baneling x3, Zergling x6  
  155  12:36  Hatchery  
  159  12:43  Zergling x18  
  164  12:49  Zergling x16  
  168  12:54  Ultralisk  
  169  12:58  Zergling x2  
  169  12:59  Zergling x10  
  173  13:06  Zergling x6  
  172  13:13  Zergling x20  
  172  13:18  Baneling x9  
  180  13:20  Zergling x16  
  180  13:21  Baneling x7  
  180  13:24  Zergling x8  
  188  13:28  Zergling x8  
  188  13:30  Baneling x6  
  187  13:39  Spire  
Tags
 
Add a new tag
Caveats
  • Supply blocks, unpowered buildings, or Contaminate may cause inaccurate times.
  • Supply counts are checked every 10 seconds.